 Dungeon Crawl Stone Soup version 0.27.1-3-gb3d3a73c9e (webtiles) character file.

Game seed: 3471836323979782674

112 Urokeeper the Skirmisher (level 5, -1/43 HPs)
             Began as a Human Brigand on Oct 7, 2021.
             Slain by a goblin (18 damage)
             ... led by Robin
             ... on level 2 of the Dungeon.
             The game lasted 00:06:41 (1938 turns).

Urokeeper the Skirmisher (Human Brigand)            Turns: 1938, Time: 00:06:42

Health: -1/43      AC:  9    Str: 11    XL:     5   Next: 16%
Magic:  5/5        EV:  8    Int: 11    God:
Gold:   165        SH:  0    Dex: 16    Spells: 4/4 levels left

rFire    + + +     SeeInvis .   a - +2 dagger
rCold    x x .     Faith    .   (no shield)
rNeg     . . .     Spirit   .   k - +0 fire dragon scales
rPois    .         Reflect  .   (no helmet)
rElec    .         Harm     .   c - +0 cloak
rCorr    .         Rampage  .   (no gloves)
Will     .....                  (no boots)
Stlth    +.........             (no amulet)
HPRegen  0.14/turn              f - ring of fire
MPRegen  0.09/turn              (no ring)

@: no status effects
A: no striking features
a: no special abilities


You were on level 2 of the Dungeon.
You visited 1 branch of the dungeon, and saw 2 of its levels.

You collected 165 gold pieces.

Inventory:

Hand Weapons
 a - a +2 dagger (weapon)
Missiles
 d - 8 poisoned darts (quivered)
Armour
 b - a +0 robe
 c - a +0 cloak (worn)
 i - a +0 scale mail
 k - +0 fire dragon scales (worn)
 m - a +0 leather armour
Jewellery
 f - a ring of fire (left hand)
Scrolls
 e - 3 scrolls of amnesia {unknown}
 g - a scroll of teleportation {unknown}
 j - a scroll of enchant weapon {unknown}
 l - a scroll of identify {unknown}


   Skills:
 + Level 4.9 Fighting
 - Level 2.0 Short Blades
 - Level 2.0 Throwing
 - Level 1.0 Dodging
 - Level 4.0 Stealth


You had 4 spell levels left.
You didn't know any spells.
Your spell library was empty.

Dungeon Overview and Level Annotations

Branches:
Dungeon (2/15)

Altars:
Kikubaaqudgha

Shops:
D:1 :?*

Annotations:
D:2 Robin


Message History

You kill the hobgoblin!
Robin hits you but does no damage.
You hit the hobgoblin.
The hobgoblin is almost dead.
The hobgoblin hits you. Robin hits you but does no damage.
Unknown command.
The goblin no longer looks unusually strong.
Robin throws the goblin at you!
You hit the hobgoblin.
You kill the hobgoblin!
The goblin hits you but does no damage.
You are electrocuted!!
Robin throws the goblin at you!
* * * LOW HITPOINT WARNING * * *
The goblin unwields a +0 hunting sling.
The goblin wields a +0 dagger.
The goblin barely misses you. The goblin hits you but does no damage.
The hobgoblin no longer looks unusually strong.
The goblin no longer looks unusually strong.
The goblin unwields a +0 dagger.
The goblin wields a +0 hunting sling.
The goblin shoots a stone.
The stone hits you but does no damage.
You hit the goblin.
You kill the goblin!
You hit the goblin.
You kill the goblin!
You hit the hobgoblin.
The hobgoblin is lightly wounded.
The hobgoblin hits you but does no damage.
You hit the hobgoblin.
The hobgoblin is severely wounded.
The hobgoblin closely misses you.
You hit the hobgoblin.
You kill the hobgoblin!
Robin throws the goblin at you!
* * * LOW HITPOINT WARNING * * *
The goblin unwields a +0 hunting sling.
The goblin wields a +0 dagger.
The goblin hits you with a +0 dagger.
* * * LOW HITPOINT WARNING * * *
It was a potion of curing.
You feel better. The goblin hits you but does no damage.
You are electrocuted!!
You die...

##.####.##.#.#######
...................#
##..##...#.#.#####.##
#...##...#.#.# ..#
....##...#.#.# #.#
#.####...#.#.######.######
.........................
#.########.#.######.##.##
...........#...g@gg.....+
#.#################..#.##
#.# ##†# #.######### #)#
#.......... #....g.#
#.......... #......#
##......... #......#
......#####+# #......#
###.........# #......#


You could see Robin and 2 goblins.

Vanquished Creatures
  An adder (D:2)
  4 gnolls (D:2)
  3 endoplasms
  2 giant cockroaches
  7 goblins
  7 hobgoblins
  4 jackals (D:2)
  4 quokkas
  8 ball pythons
  9 bats
  A frilled lizard (D:1)
  6 kobolds
  3 rats (D:1)
59 creatures vanquished.

Notes
Turn   | Place    | Note
-------+----------+-------------------------------------------
     0 | D:1      | Urokeeper the Human Brigand began the quest for the Orb.
     0 | D:1      | Reached XP level 1. HP: 16/16 MP: 1/1
    79 | D:1      | Found Lates's Book Shoppe.
   187 | D:1      | Reached XP level 2. HP: 15/23 MP: 2/2
   592 | D:1      | Reached XP level 3. HP: 26/29 MP: 3/3
   630 | D:1      | Found Riunn's Magic Scroll Boutique.
   632 | D:1      | Found Ojen's Assorted Antiques.
   833 | D:2      | Found an ancient bone altar of Kikubaaqudgha.
  1326 | D:2      | Reached XP level 4. HP: 12/37 MP: 4/4
  1803 | D:2      | Reached XP level 5. HP: 43/43 MP: 5/5
  1911 | D:2      | Noticed Robin
  1938 | D:2      | Slain by a goblin

Illustrated notes

Levels and vault maps discovered:
D:1:      dpeg_arrival_snail, layout_basic, serial_shops, shop, shop,
          shop_coins, minmay_misc_feat_more_columns, hangedman_decor_points
D:2:      layout_basic, basic_altar, minmay_3d_cube, uniq_robin

Skill      XL: |  1  2  3 |
---------------+----------+-----
Fighting       | 3 4 |  4.9
Short Blades   | |  2.0
Throwing       | |  2.0
Dodging        | |  1.0
Stealth        | |  4.0

Action                   |  1- 3 |  4- 6 || total
-------------------------+-------+-------++-------
Melee: Dagger            |   146 |    74 ||   220
Throw: Dart              |     2 |     2 ||     4
  Use: Potion            |       |     1 ||     1
 Stab: Sleeping          |     2 |       ||     2
Armor: Robe              |    25 |       ||    25
       Scale mail        |    33 |       ||    33
       Fire dragon scale |     7 |    47 ||    54
Dodge: Dodged            |    90 |    33 ||   123
